Map: Ascension to Aiur LE

Players

llllllllllll - Winner!

  • Race: Protoss Protoss
  • League: Diamond
  • Spawn Location: 11:00

Tambi

  • Race: Terran Terran
  • League: Grandmaster
  • Spawn Location: 5:00

VOD

Have the link to the VOD?

Description

PvT. Gm terran

Time

  • Played on: Dec. 13, 2017, 4:52 p.m.
  • Length: 20:20
Show
View Real Time Build Order
Export as new Build Order

llllllllllll Protoss - Winner!

Build Orders: 1 Gate Expand 

Get SALT Encoding   

  12  0:01  Probe  
  13  0:13  Probe  
  14  0:18  Pylon  
  14  0:25  Probe (Chrono Boost)  
  15  0:37  Probe (Chrono Boost)  
  15  0:39  Gateway  
  16  0:46  Probe (Chrono Boost)  
  16  0:47  Assimilator  
  17  0:51  Probe  
  18  1:03  Probe  
  19  1:15  Probe  
  20  1:23  Nexus  
  20  1:33  Cybernetics Core  
  20  1:40  Assimilator  
  20  1:42  Probe  
  21  1:48  Pylon  
  21  1:54  Probe (Chrono Boost)  
  22  2:06  Probe (Chrono Boost)  
  23  2:09  Stalker (Chrono Boost)  
  23  2:10  Warp Gate (Chrono Boost)  
  23  2:14  Probe (Chrono Boost)  
  26  2:23  Probe  
  26  2:25  Pylon  
  26  2:29  Stalker  
  29  2:36  Probe  
  30  2:42  Probe  
  32  2:51  Robotics Facility  
  32  2:52  Probe (Chrono Boost)  
  32  2:55  Probe (Chrono Boost)  
  35  3:06  Probe x2 (Chrono Boost)  
  35  3:08  Stalker  
  35  3:10  Probe  
  39  3:12  Probe  
  39  3:22  Probe  
  39  3:25  Probe  
  41  3:30  Gateway  
  41  3:31  Gateway  
  41  3:34  Probe  
  42  3:37  Probe  
  43  3:46  Probe  
  44  3:51  Probe  
  45  4:00  Observer  
  45  4:01  Probe (Chrono Boost)  
  47  4:02  Assimilator  
  47  4:06  Shield Battery  
  47  4:07  Stalker  
  47  4:08  Assimilator  
  50  4:13  Probe (Chrono Boost)  
  50  4:14  Twilight Council  
  51  4:17  Forge  
  51  4:18  Probe (Chrono Boost)  
  51  4:25  Observer, Pylon  
  51  4:27  Probe x2  
  54  4:39  Pylon  
  54  4:40  Protoss Ground Armor Level 1 (Chrono Boost)  
  54  4:43  Probe  
  55  4:46  Stalker  
  55  4:52  Nexus  
  57  4:53  Probe, Pylon  
  57  4:55  Probe  
  57  4:56  Pylon  
  57  4:58  Blink (Chrono Boost)  
  59  5:02  Sentry  
  59  5:04  Sentry  
  59  5:05  Probe  
  64  5:07  Probe  
  64  5:12  Robotics Bay  
  65  5:17  Probe  
  66  5:22  Stalker  
  67  5:32  Shield Battery  
  67  5:33  Shield Battery  
  67  5:35  Shield Battery  
  67  5:36  Shield Battery  
  67  5:37  Probe  
  67  5:41  Pylon, Stalker  
  70  5:43  Stalker  
  70  5:47  Probe  
  73  5:50  Pylon  
  71  5:58  Stalker  
  70  6:06  Probe  
  70  6:07  Probe  
  70  6:11  Colossus (Chrono Boost)  
  78  6:20  Gateway  
  78  6:21  Gateway  
  78  6:23  Protoss Ground Armor Level 2 (Chrono Boost), Gateway  
  78  6:26  Sentry, Stalker  
  78  6:29  Probe x2  
  84  6:40  Pylon  
  84  6:42  Probe  
  84  6:43  Probe  
  84  6:45  Pylon  
  86  6:49  Stalker x2  
  86  6:52  Stalker  
  92  6:58  Colossus (Chrono Boost)  
  98  7:13  Probe x3  
  98  7:15  Assimilator  
  101  7:19  Assimilator  
  101  7:20  Stalker  
  101  7:21  Stalker x3  
  108  7:23  Sentry  
  108  7:24  Stalker  
  108  7:25  Probe  
  113  7:32  Probe x2  
  113  7:34  Pylon  
  115  7:38  Pylon  
  115  7:41  Robotics Facility  
  115  7:43  Colossus  
  121  7:52  Photon Cannon  
  121  7:55  Stalker x2  
  125  8:00  Stalker x2  
  129  8:06  Pylon  
  129  8:08  Photon Cannon  
  129  8:09  Pylon  
  129  8:10  Probe  
  130  8:14  Templar Archives  
  130  8:16  Probe  
  130  8:17  Probe  
  132  8:23  Gateway  
  132  8:27  Gateway  
  132  8:31  Gateway  
  132  8:33  Pylon  
  132  8:35  Protoss Ground Armor Level 3 (Chrono Boost)  
  132  8:39  Charge (Chrono Boost)  
  132  8:40  Stalker x2  
  136  8:44  Stalker  
  138  9:02  Zealot  
  140  9:05  Probe x2  
  140  9:06  Nexus  
  140  9:07  Pylon  
  142  9:19  Stalker  
  142  9:20  Stalker x3  
  150  9:27  Pylon  
  150  9:29  Shield Battery  
  150  9:31  Shield Battery  
  150  9:33  Colossus  
  150  9:34  Assimilator  
  156  9:39  Assimilator  
  156  9:41  Zealot x3  
  156  9:44  Probe x2  
  164  9:49  Zealot x2  
  164  9:51  Zealot  
  170  9:53  Zealot  
  172  10:00  Pylon  
  172  10:01  Warp Prism  
  172  10:17  High Templar x3  
  172  10:18  High Templar x4  
  172  10:20  Zealot x2  
  190  10:22  Archon x3  
  190  10:28  Probe x2  
  192  10:31  Photon Cannon  
  192  10:33  Photon Cannon  
  192  10:35  Photon Cannon, Pylon  
  192  10:41  High Templar  
  192  10:42  Protoss Ground Weapons Level 1 (Chrono Boost), Zealot  
  196  10:47  Archon  
  196  10:59  Zealot x2  
  148  11:48  Zealot x5  
  148  11:49  Zealot x4  
  146  12:08  Protoss Ground Weapons Level 2 (Chrono Boost)  
  146  12:11  Immortal x2  
  146  12:13  Zealot x2  
  146  12:14  Zealot x4  
  150  12:18  Zealot x3  
  152  12:35  High Templar x4  
  152  12:36  High Templar x2  
  164  12:38  High Templar  
  164  12:39  High Templar x2  
  164  12:40  Archon x3  
  170  12:47  Archon  
  170  12:51  Immortal (Chrono Boost), Gateway  
  178  12:54  Gateway, Psionic Storm  
  178  12:55  Gateway  
  178  13:01  Immortal (Chrono Boost)  
  123  13:20  Immortal, High Templar x5  
  123  13:21  High Templar x2  
  141  13:30  Immortal  
  141  13:31  Archon  
  141  13:32  Archon x2  
  141  13:36  Zealot x2  
  143  13:46  Probe x2  
  145  13:56  Zealot x2  
  145  13:57  Zealot x2  
  145  13:59  Immortal, Zealot x3  
  145  14:00  Zealot x2  
  167  14:04  Protoss Ground Weapons Level 3 (Chrono Boost)  
  167  14:05  Nexus  
  167  14:06  High Templar x3, Pylon  
  167  14:08  Pylon  
  173  14:18  Stalker x3  
  173  14:19  Stalker  
  173  14:21  Immortal  
  185  14:28  Stalker x3  
  191  14:33  Zealot x2  
  195  14:38  Immortal  
  161  15:00  Immortal  
  157  15:17  Zealot x6  
  157  15:21  Probe x2  
  171  15:24  Immortal  
  171  15:26  High Templar x4  
  183  15:39  Immortal  
  187  15:50  High Templar x4  
  187  15:51  Zealot x2  
  199  16:01  Assimilator  
  199  16:05  Assimilator  
  199  16:09  Protoss Shields Level 1 (Chrono Boost)  
  163  16:31  Immortal x2  
  135  16:36  Stalker x5  
  135  16:37  Stalker  
  155  16:56  Stalker x2  
  155  16:58  Zealot x4  
  155  16:59  Zealot  
  169  17:02  Probe  
  169  17:05  Photon Cannon  
  169  17:07  Photon Cannon  
  170  17:09  Photon Cannon  
  170  17:11  Photon Cannon, Pylon  
  170  17:13  Photon Cannon  
  170  17:14  High Templar x5  
  180  17:20  Archon  
  180  17:21  Archon x3  
  186  17:24  Archon  
  186  17:25  High Templar x3  
  186  17:28  Archon  
  186  17:30  High Templar, Zealot x3  
  194  17:47  Stalker x3  
  194  17:49  Protoss Shields Level 2 (Chrono Boost)  
  200  17:55  Photon Cannon  
  200  17:56  Photon Cannon  
  200  17:57  Pylon  
  194  18:07  Stargate  
  190  18:33  Stargate  
  190  18:39  Stargate  
  190  18:45  Nexus  
  190  18:47  Pylon  
  190  18:50  Pylon  
  190  19:03  Zealot x2  
  190  19:04  High Templar x3  
  193  19:21  High Templar x2  
  193  19:22  High Templar  
  180  20:00  Assimilator  
  180  20:01  Stalker x4  
  180  20:02  Stalker x4  
  184  20:07  Nexus  
  164  20:17  Archon  
  143  20:18  Archon  
Show
View Real Time Build Order
Export as new Build Order

Tambi Terran 

Build Orders: Reaper Expand, MMM Bio 

Get SALT Encoding   

  12  0:00  SCV  
  13  0:13  SCV  
  14  0:17  Supply Depot  
  14  0:25  SCV  
  15  0:38  SCV  
  15  0:40  Barracks  
  16  0:45  Refinery  
  16  0:50  SCV  
  17  1:05  SCV  
  18  1:17  SCV  
  19  1:28  Reaper  
  19  1:30  Orbital Command  
  20  1:41  Command Center  
  20  1:53  Barracks  
  20  1:57  SCV  
  21  2:09  SCV  
  21  2:14  Barracks Reactor  
  22  2:20  Supply Depot  
  22  2:21  SCV  
  23  2:39  SCV  
  23  2:41  Barracks Tech Lab  
  23  2:44  Refinery  
  23  2:51  Marine x2, SCV  
  23  2:57  Orbital Command  
  26  2:58  Factory  
  26  3:03  SCV  
  27  3:09  Stimpack, Marine  
  27  3:10  Marine x2  
  30  3:15  SCV  
  31  3:23  SCV  
  32  3:27  Marine x2, SCV  
  32  3:28  Marine  
  36  3:35  SCV  
  36  3:40  SCV  
  38  3:45  Marine x3  
  40  3:56  Factory Reactor, Starport  
  40  3:59  SCV  
  40  4:00  Supply Depot  
  41  4:03  Marine x3  
  41  4:04  SCV  
  45  4:11  Supply Depot  
  45  4:13  SCV  
  46  4:17  Supply Depot  
  46  4:22  Marine x3, SCV  
  50  4:27  SCV  
  50  4:29  Supply Depot  
  51  4:34  SCV  
  52  4:39  SCV  
  52  4:41  Medivac x2  
  52  4:42  Supply Depot  
  52  4:44  Marine x3  
  60  4:46  SCV  
  60  4:50  Engineering Bay  
  60  4:51  SCV  
  62  4:58  SCV  
  63  5:02  Marine x2  
  63  5:04  SCV  
  66  5:10  Combat Shields, SCV  
  67  5:16  SCV  
  67  5:18  Command Center  
  67  5:19  Liberator  
  68  5:22  SCV  
  68  5:24  Liberator  
  68  5:26  Marine x3  
  68  5:28  SCV  
  73  5:30  Supply Depot  
  73  5:34  Refinery, SCV  
  74  5:40  SCV  
  81  5:47  SCV  
  82  5:50  Marine x2  
  82  5:52  SCV  
  81  5:59  SCV  
  78  6:04  SCV  
  78  6:06  Marine  
  78  6:08  Marine x2  
  78  6:11  SCV  
  82  6:14  Factory Tech Lab  
  82  6:15  Barracks x2  
  82  6:16  SCV  
  82  6:18  Barracks  
  83  6:23  SCV  
  84  6:27  Refinery  
  84  6:28  SCV  
  84  6:30  Supply Depot x2  
  85  6:35  Medivac x2, SCV  
  85  6:37  Orbital Command  
  90  6:40  SCV  
  90  6:45  Marine  
  90  6:46  Marauder, Marine  
  95  6:50  Terran Infantry Weapons Level 1  
  95  6:52  SCV  
  96  6:54  SCV  
  97  7:04  SCV  
  97  7:07  SCV  
  99  7:09  Marine x2  
  99  7:10  Barracks Reactor x2, Barracks Tech Lab  
  99  7:13  Siege Tank  
  104  7:16  Marine, SCV  
  104  7:22  SCV x2  
  108  7:24  Refinery  
  108  7:25  Refinery  
  108  7:26  Concussive Shells  
  108  7:27  Medivac, Marine  
  108  7:28  Medivac, SCV  
  114  7:33  Supply Depot x2  
  114  7:34  Marauder, SCV x2  
  114  7:35  Supply Depot  
  118  7:40  SCV  
  118  7:41  Sensor Tower  
  119  7:46  SCV x2  
  119  7:48  Engineering Bay  
  119  7:49  Missile Turret, Armory  
  121  7:52  SCV  
  121  7:54  Marauder, Marine x2  
  121  7:57  Siege Tank  
  129  7:58  SCV x2  
  129  8:05  SCV  
  132  8:10  Supply Depot, SCV  
  132  8:11  Supply Depot  
  133  8:13  Marine x2  
  133  8:14  Marine x4  
  133  8:17  Marauder  
  133  8:18  Supply Depot  
  133  8:19  Marauder  
  142  8:30  Viking x2  
  146  8:36  Starport  
  146  8:47  Marauder x2  
  150  8:50  Siege Tank  
  150  8:51  SCV x2  
  155  8:57  Supply Depot  
  155  8:59  Command Center  
  155  9:00  Viking x2  
  155  9:01  Terran Infantry Weapons Level 2  
  159  9:02  Terran Infantry Armor Level 1  
  159  9:23  Marauder x2  
  159  9:24  Starport Reactor  
  147  9:32  Supply Depot  
  147  9:33  Supply Depot  
  147  9:40  Barracks  
  147  9:41  Barracks  
  147  9:42  Barracks  
  147  9:43  Viking  
  147  9:44  Marauder x2, Viking  
  147  9:45  Barracks, SCV  
  157  9:51  Marine x2  
  157  9:52  Marine x4  
  162  10:06  Marauder x2  
  166  10:09  Viking x2  
  166  10:13  Viking  
  166  10:14  Viking  
  173  10:26  Command Center  
  173  10:27  Marauder  
  173  10:28  Barracks Tech Lab x2  
  175  10:32  Barracks Tech Lab  
  175  10:35  Refinery x2  
  175  10:36  Planetary Fortress  
  175  10:38  Barracks Tech Lab  
  175  10:39  Viking x2  
  179  10:43  Viking  
  179  10:44  Viking  
  183  10:56  Terran Ship Weapons Level 1  
  183  10:59  Marauder x3  
  183  11:00  Marauder x2  
  192  11:09  Viking x2  
  192  11:10  Sensor Tower  
  196  11:13  Viking  
  196  11:14  Viking  
  198  11:23  Terran Infantry Armor Level 2, Terran Infantry Weapons Level 3  
  195  11:36  Marauder x2  
  195  11:37  Marauder x3, Marine x7  
  195  11:39  Viking  
  184  11:41  Liberator x2  
  184  11:46  Planetary Fortress  
  157  11:54  Marine  
  157  11:55  Marine x2  
  157  11:57  Marauder, Marine x4  
  157  11:58  Marauder x2, Marine  
  169  12:05  Liberator  
  164  12:14  SCV x3  
  157  12:22  Marauder x5, Command Center x2  
  167  12:26  SCV x2  
  167  12:27  Liberator x2  
  172  12:34  Marauder, Marine x6  
  180  12:41  Refinery  
  180  12:42  Refinery  
  180  12:43  Marauder, Marine  
  183  12:50  Marine x2  
  183  12:51  Marine  
  192  12:52  Marine x3  
  192  12:55  Marauder  
  197  12:59  Liberator x2  
  197  13:01  Marauder  
  196  13:10  Liberator x2  
  166  13:35  Refinery  
  166  13:38  Marine x4  
  166  13:39  Marine x6  
  176  13:42  Liberator x2  
  176  13:53  Marauder x2, Liberator  
  180  13:56  Marine x8  
  180  14:02  Planetary Fortress  
  194  14:11  Terran Infantry Armor Level 3  
  194  14:16  Starport  
  197  14:18  Marauder  
  199  14:26  Refinery, Marine  
  199  14:29  Refinery  
  200  14:51  Liberator x4  
  200  14:59  Marauder x3  
  145  15:02  Marine  
  145  15:03  Marine x7  
  145  15:06  Marine  
  125  15:20  Marine x9  
  131  15:21  Marauder x2  
  131  15:25  Marauder, Siege Tank  
  136  15:34  Liberator x3  
  134  15:37  Liberator  
  134  15:38  Marauder x2, Marine x7  
  148  15:42  Marauder x2  
  148  15:46  Starport Tech Lab, Marine  
  148  15:48  Fusion Core  
  149  15:55  Marine  
  149  15:56  Marine x5  
  167  15:57  Siege Tank  
  167  15:59  Marine  
  167  16:00  Marauder x2  
  167  16:03  Marine x3  
  178  16:13  Marine  
  178  16:14  Marine x2  
  179  16:19  Liberator x2  
  179  16:21  Marauder x2  
  179  16:22  Marauder  
  151  16:25  Marine  
  151  16:26  Marauder x2, Marine x3  
  151  16:31  Marine x2  
  151  16:32  Marine  
  143  16:37  Advanced Ballistics  
  149  16:42  Marine  
  149  16:43  Marauder x2  
  154  16:50  Ghost Academy  
  154  17:00  Marauder x4, Marine  
  154  17:01  Marine x4  
  167  17:17  Orbital Command  
  167  17:29  Marauder  
  171  17:30  Marauder x3  
  171  17:31  Marauder, Marine x4  
  171  17:35  Command Center  
  180  17:45  Liberator  
  177  17:53  Marine x4  
  177  17:54  Marauder x3, Marine x2  
  177  17:55  Marauder, Marine x2  
  196  18:06  Supply Depot  
  196  18:11  Liberator  
  196  18:25  Command Center  
  188  18:54  Command Center  
  188  18:58  Marauder x2  
  188  19:25  Marauder  
  189  19:42  Medivac  
  189  19:45  Marauder  
  189  19:47  Marauder  
Tags
 
Add a new tag
Caveats
  • Supply blocks, unpowered buildings, or Contaminate may cause inaccurate times.
  • Supply counts are checked every 10 seconds.